 Dungeon Crawl Stone Soup version 0.28-a0-804-g60983d4ba9 (webtiles) character file.

Game seed: 11595727848646083214

200 Crownlay the Ruffian (level 5, -1/53 HPs)
             Began as a Troll Hunter on Nov 7, 2021.
             Slain by a hobgoblin (4 damage)
             ... led by Robin
             ... on level 3 of the Dungeon.
             The game lasted 00:05:18 (1837 turns).

Crownlay the Ruffian (Troll Hunter)                 Turns: 1837, Time: 00:05:18

Health: -1/53      AC:  4    Str: 21    XL:     5   Next: 48%
Magic:  4/4        EV:  9    Int:  7    God:
Gold:   123        SH:  0    Dex: 10    Spells: 4/4 levels left

rFire   . . .      SeeInvis .     - Unarmed
rCold   . . .      Faith    .   (no shield)
rNeg    . . .      Spirit   .   b - +0 robe
rPois   .          Reflect  .   (helmet restricted)
rElec   .          Harm     .   (no cloak)
rCorr   .          Rampage  .   (gloves unavailable)
Will    .....                   (boots unavailable)
Stlth   +.........              (no amulet)
HPRegen 1.17/turn               (no ring)
MPRegen 0.09/turn               (no ring)

@: no status effects
A: large, unfitting armour, claws 3, regeneration 1, shaggy fur 1, tough skin 1
a: no special abilities


You were on level 3 of the Dungeon.
You visited 1 branch of the dungeon, and saw 3 of its levels.

You collected 123 gold pieces.

Inventory:

Missiles
 c - 4 large rocks (quivered)
 d - 2 throwing nets
 k - a boomerang
Armour
 b - a +0 robe (worn)
Wands
 i - a wand of iceblast (11)
Scrolls
 a - 2 scrolls of identify {unknown}
 f - a scroll of fear {unknown}
 g - a scroll of blinking {unknown}
 h - a scroll of noise {unknown}
Potions
 e - a potion of brilliance {unknown}
 j - a potion of attraction {unknown}
 l - a potion of flight {unknown}


   Skills:
 - Level 3.0 Fighting
 - Level 3.6 Throwing
 - Level 1.5 Dodging
 - Level 0.3 Stealth
 * Level 4.3 Unarmed Combat


You had 4 spell levels left.
You didn't know any spells.
Your spell library contained the following spells:

 Spells                   Type           Power      Damage    Failure   Level
 Magic Dart               Conj           0%         1d3       43%         1
 Searing Ray              Conj           0%         2d4       56%         2
 Fulminant Prism          Conj/Hex       0%         3d6       99%         4


Dungeon Overview and Level Annotations

Branches:
Dungeon (3/15)

Altars:
Gozag

Shops:
D:1 :=[(=

Annotations:
D:3 3 runed translucent doors, Robin; vurker's ghost, amateur TeAE


Innate Abilities, Weirdness & Mutations

You are too large for most types of armour.
You have claws for hands.
Your natural rate of healing is unusually fast.
You are covered in fur. (AC +1)
You have tough skin. (AC +1)


Message History

The hobgoblin hits you. The goblin closely misses you.
The goblin hits you with a +0 club.
Robin roars a battlecry!
The goblin goes into a battle-frenzy!
The hobgoblin hits you but does no damage.
You closely miss the hobgoblin. The goblin hits you with a +0 dagger.
The goblin barely misses you. The hobgoblin closely misses you.
The goblin hits you with a +0 club. The goblin hits you with a +0 dagger.
The hobgoblin barely misses you.
You are too injured to fight recklessly!
You are too injured to fight recklessly!
You closely miss the goblin. The goblin hits you with a +0 dagger.
The hobgoblin hits you. The goblin hits you but does no damage.
The goblin hits you with a +0 club. The goblin hits you but does no damage.
The hobgoblin hits you.
* * * LOW HITPOINT WARNING * * *
You closely miss the goblin. The goblin hits you but does no damage.
The hobgoblin hits you.
* * * LOW HITPOINT WARNING * * *
The goblin barely misses you. The goblin hits you but does no damage.
The goblin hits you with a +0 dagger.
* * * LOW HITPOINT WARNING * * *
Throw: 5 large rocks
Press: ? - help, Q - select action, (/) - cycle Shift-Dir - straight line, f - Robin
Aim: Robin, wielding a +0 trident, wearing a +0 animal skin and wearing a +0 helmet (65% to hit)
You throw a large rock. The large rock hits the goblin!
You kill the goblin!
The hobgoblin no longer looks unusually strong.
The hobgoblin completely misses you. The goblin barely misses you.
The goblin hits you but does no damage. x2
Robin roars a battlecry!
The hobgoblin goes into a battle-frenzy!
The hobgoblin hits you but does no damage.
The goblin hits you with a +0 dagger.
* * * LOW HITPOINT WARNING * * *
The goblin hits you but does no damage.
The hobgoblin hits you but does no damage.
The goblin hits you but does no damage.
You closely miss the goblin. The hobgoblin hits you.
You die...

###### .<.8.# ..#.# ....
###gg#### #.gggg..# ♣≈≈≈≈≈≈≈≈≈ #.
#.#@g# ♣≈≈≈≈≈≈≈≈♣ #..#.#gg#
≈≈≈P≈≈≈≈P #...# #.......#
#♣♣≈♣≈P≈≈≈≈ #...# #.......#
#≈P≈≈≈P≈≈≈P #...# #.##.##.#
#≈P≈≈≈≈≈≈≈ ###...# #.##.##.#
###♣♣≈≈≈≈♣≈≈ #.....#####.#...#.#
#<.≈♣♣≈≈≈P≈♣
#...........##.##.####....≈♣P≈≈≈♣
+...........##.#...........♣≈≈P≈.


You could see Robin, 3 hobgoblins and 5 goblins.

Vanquished Creatures
  A bullfrog skeleton (D:2)
  2 orc priests
  An orc wizard (D:3)
  An adder (D:3)
  2 worms
  5 orcs
  6 ball pythons
  6 endoplasms
  A giant cockroach (D:3)
  9 goblins
  12 hobgoblins
  2 jackals (D:3)
  5 bats
  2 frilled lizards
  5 kobolds
  4 rats
64 creatures vanquished.

Vanquished Creatures (others)
  7 plants (D:3)
7 creatures vanquished.

Grand Total: 71 creatures vanquished

Notes
Turn   | Place    | Note
-------+----------+-------------------------------------------
     0 | D:1      | Crownlay the Troll Hunter began the quest for the Orb.
     0 | D:1      | Reached XP level 1. HP: 19/19 MP: 0/0
    83 | D:1      | Reached skill level 1 in Unarmed Combat
    90 | D:1      | Found Peemoac's Jewellery Emporium.
   250 | D:1      | Found Cudghant's Book Shoppe.
   298 | D:1      | Reached XP level 2. HP: 28/28 MP: 1/1
   397 | D:1      | Reached skill level 2 in Unarmed Combat
   459 | D:1      | Found Webymuhu's Jewellery Boutique.
   504 | D:1      | Found Ciudyam's Antique Armour Shop.
   543 | D:1      | Found Wakaq's Weapon Shoppe.
   853 | D:1      | Reached XP level 3. HP: 33/35 MP: 2/2
  1205 | D:2      | Reached XP level 4. HP: 44/44 MP: 3/3
  1208 | D:2      | Reached skill level 3 in Unarmed Combat
  1407 | D:3      | Found a runed translucent gate.
  1407 | D:3      | Found an opulent altar of Gozag.
  1407 | D:3      | Found a runed translucent gate.
  1407 | D:3      | Found a runed translucent gate.
  1408 | D:3      | Noticed vurker's ghost (amateur TeAE)
  1563 | D:3      | Reached XP level 5. HP: 37/50 MP: 4/4
  1571 | D:3      | Reached skill level 4 in Unarmed Combat
  1752 | D:3      | Found a faded altar of an unknown god.
  1823 | D:3      | Noticed Robin
  1836 | D:3      | HP: 2/53 [goblin[Robin] (3)]
  1837 | D:3      | Slain by a hobgoblin

Illustrated notes

Levels and vault maps discovered:
D:1:      lightli_arrival_farm, layout_basic, serial_shops,
          nicolae_lakefront_shop, nicolae_shop_crystal, shop_fountains,
          nicolae_diamond_shop, shop, hex_medium
D:2:      layout_rooms
D:3:      layout_loops_cross, ebering_ghost_gozag, basic_ecumenical_altar,
          serial_shops, shop_statue, serial_bayou_lake_a, uniq_robin,
          uniq_crazy_yiuf_cottage

Skill      XL: |  1  2  3  4  5 |
---------------+----------------+-----
Unarmed Combat | 1 2 3 4 |  4.3
Fighting       | 2 3 |  3.0
Throwing       | |  3.6
Dodging        | |  1.5
Stealth        | |  0.3

Action                   |  1- 3 |  4- 6 || total
-------------------------+-------+-------++-------
Melee: Unarmed           |    95 |    72 ||   167
       Punch             |     1 |       ||     1
Throw: Large rock        |       |     5 ||     5
Armor: Robe              |    41 |    44 ||    85
Dodge: Dodged            |    65 |    54 ||   119

Table legend: (Time is in decaauts)
 A = Elapsed time spent in this place.
 B = Non-inter-level travel time spent in this place.
 C = Inter-level travel time spent in this place.
 D = Time resting spent in this place.
 E = Time spent auto-exploring this place.
 F = Levels seen in this place.
 G = Mean time per level.
                   A        B        C        D        E       F      G
               +--------+--------+--------+--------+--------+-----+--------+
         Total |   1855 |   1796 |     59 |      0 |   1456 |   3 |  618.3 |
       Dungeon |   1855 |   1796 |     59 |      0 |   1456 |   3 |  618.3 |
               +--------+--------+--------+--------+--------+-----+--------+

Top non-repeatable levels by time:
     D:1: 1052 daAuts
     D:3: 402 daAuts
     D:2: 400 daAuts
